 Dungeon Crawl Stone Soup version 0.19.5 (webtiles) character file.

86009 Inarius the Blocker (level 15, 0/126 HPs)
             Began as a Minotaur Fighter on May 3, 2017.
             Was a High Priest of the Shining One.
             Splashed by an oklob plant's acid (6 damage)
             ... on level 6 of the Lair of Beasts.
             The game lasted 01:27:32 (22801 turns).

Inarius the Blocker (Minotaur Fighter)             Turns: 22801, Time: 01:27:33

Health: 0/126      AC: 10    Str: 25    XL:     15   Next: 39%
Magic:  24/24      EV: 12    Int:  7    God:    the Shining One [*****.]
Gold:   979        SH: 13    Dex: 12    Spells: 1 memorised, 25 levels left

rFire  + + .     SeeInvis .     U - +8 trident of the Thirsty Seas {holy, +Fly}
rCold  + . .     Gourm    +     y - +0 fire dragon scales
rNeg   + + .     Faith    .     c - +0 shield
rPois  .         Spirit   .     (helmet restricted)
rElec  .         Reflect  .     B - +1 cloak
rCorr  .         Harm     .     (no gloves)
MR     +....                    P - +0 pair of boots
Stlth  ..........               X - amulet of the gourmand
                                x - +3 ring of protection
                                g - +3 ring of protection

@: corroded, glowing
A: retaliatory headbutt, horns 2, cold resistance 2, strong 1, evolution 1
a: Divine Shield, Cleansing Flame, Summon Divine Warrior, Renounce Religion,
Evoke Flight


You were on level 6 of the Lair of Beasts.
You worshipped the Shining One.
The Shining One was extremely pleased with you.
You were not hungry.

You visited 2 branches of the dungeon, and saw 19 of its levels.

You collected 1003 gold pieces.
You spent 24 gold pieces at shops.

Inventory:

Hand Weapons
 U - the +8 trident of the Thirsty Seas (weapon) {holy, +Fly}
   (You took it off an orc on level 10 of the Dungeon)

   It has been blessed by the Shining One to cause great damage to the undead
   and demons.
   It lets you fly.
 V - the +5 battleaxe of Ambiguity {chop, +Fly rPois rF+ Dex-3}
   (You found it on level 6 of the Lair of Beasts)

   It inflicts extra damage upon your enemies.
   It affects your dexterity (-3).
   It protects you from fire.
   It protects you from poison.
   It lets you fly.
Armour
 c - a +0 shield (worn)
 y - +0 fire dragon scales (worn)
 B - a +1 cloak (worn)
 N - a +0 plate armour
 P - a +0 pair of boots (worn)
Jewellery
 g - a +3 ring of protection (left hand)
 v - a +3 ring of evasion
 x - a +3 ring of protection (right hand)
 H - an uncursed ring of positive energy
 X - an amulet of the gourmand (around neck)
Wands
 a - a wand of confusion (27/48)
 i - a wand of heal wounds (4/9)
 s - a wand of digging (11/24)
 z - a wand of digging (8/24)
 A - a wand of slowing (25/48)
 J - a wand of iceblast (8/15)
 K - a wand of lightning (0/15)
 O - a wand of acid (5/15)
 Q - a wand of lightning (0/15)
 Z - a wand of disintegration (0/24)
Scrolls
 b - a scroll of magic mapping
 d - 4 scrolls of enchant weapon
 l - 4 scrolls of immolation
 n - a scroll of noise
 o - 3 scrolls of blinking
 t - 5 scrolls of remove curse
 C - 4 scrolls of fear
 E - 2 scrolls of recharging
 F - 3 scrolls of teleportation
 S - a scroll of fog
 T - a scroll of summoning
Potions
 e - 2 potions of haste
 h - 4 potions of flight
 k - 3 potions of agility
 m - 8 potions of curing
 p - a potion of ambrosia
 q - 2 potions of brilliance {unknown}
 r - 2 potions of cancellation
 D - 2 potions of might
 G - 3 potions of invisibility
 I - 4 potions of magic
 L - a potion of cure mutation
 M - 2 potions of heal wounds
 W - 2 potions of mutation {unknown}
Comestibles
 f - 8 bread rations
 u - 4 beef jerkies
 w - 9 meat rations


   Skills:
 + Level 9.9 Fighting
   Level 8.5(9.8) Short Blades
   Level 8.2(10.1) Long Blades
 + Level 12.1 Polearms
 + Level 11.0 Armour
 + Level 5.0 Dodging
 - Level 1.7 Stealth
 + Level 13.2 Shields
 * Level 6.9 Spellcasting
 * Level 7.2 Translocations
 * Level 6.9 Invocations
 + Level 0.3 Evocations


You had 25 spell levels left.
You knew the following spells:

 Your Spells              Type           Power        Failure   Level  Hunger
a - Blink                 Tloc           N/A          6%          2    ##.....


Dungeon Overview and Level Annotations

Branches:
Dungeon (13/15)            Temple (0/1) D:5            Lair (6/6) D:8
  Swamp (0/4) Lair:4       Spider (0/4) Lair:3        Slime (0/5) Lair:6
    Orc (0/2) D:9
 Vaults: D:13-14

Altars:
Ashenzari
Dithmenos
Gozag
Kikubaaqudgha
Makhleb
Nemelex Xobeh
Qazlal
Ru
Sif Muna
Trog
Xom
The Shining One

Shops:
D:5 *   D:9 *   D:11 *

Portals:
Hell: Lair:6

Annotations:
Lair:6 exclusion: 4 oklob plants


Innate Abilities, Weirdness & Mutations

You reflexively headbutt those who attack you in melee.
You have a pair of horns on your head.
Your flesh is very cold resistant. (rC++)
Your muscles are strong. (Str +2)
You evolve.


Message History

The splash of acid hits you! The acid corrodes you!
You are splashed with acid!
The acid burns!
* * * LOW HITPOINT WARNING * * *
The oklob plant spits acid at you. The splash of acid misses you.
You feel much better.
You are splashed with acid!
The wall burns you! The oklob plant spits acid at you.
The splash of acid hits you!
* * * LOW HITPOINT WARNING * * *
You are splashed with acid!
The acid burns!
* * * LOW HITPOINT WARNING * * *
You hit the oklob plant. You headbutt the oklob plant.
The oklob plant is almost destroyed.
You are splashed with acid!
The wall burns you!
* * * LOW HITPOINT WARNING * * *
The oklob plant spits acid at you. The splash of acid hits you!
* * * LOW HITPOINT WARNING * * *
You are splashed with acid!
The acid burns!
You die...

## *########## #.#
##.#.......##
#.###........./.###
##P.P......##.....#
#..P.....###......#
#..>....#*##....#.#
#...P@##*##.....###
###
######.###.......#
###.# ##.#.....####
...## ##.....###
...##### #....#.#
.......## #...####
........### ##..##
..........######...#
...........P##.#...#


You could see 4 oklob plants.

Vanquished Creatures
  Gastronok (D:10)
  A fire dragon (D:13)
  7 hydras
  A yaktaur captain (D:13)
  Harold (Lair:3)
  A hell beast (Lair:6)
  Erica (D:8)
  Sonja (Lair:2)
  Nergalle (D:12)
  An unseen horror (D:13)
  A swamp dragon (Lair:4)
  The ghost of miragecloak the Martial Artist, a novice OpTm of Ashenzari (D:9)
  A wizard (Lair:6)
  2 hill giants (D:13)
  A wolf spider zombie (D:13)
  An orc knight (D:13)
  Pikel (D:6)
  An ugly thing (D:12)
  2 oklob plants
  8 black mambas
  Joseph (D:8)
  Psyche (D:8)
  8 elephants
  4 spiny frogs
  2 orange demons (Lair:6)
  2 gargoyles
  A spiny frog (shapeshifter) (D:13)
  8 komodo dragons
  4 rime drakes
  A kobold demonologist (D:9)
  A hellwing (Lair:6)
  3 trolls
  4 ice devils (Lair:6)
  3 red devils (Lair:6)
  A merfolk (D:11)
  2 polar bears
  3 two-headed ogres
  10 blink frogs
  10 hippogriffs
  A slime creature (D:13)
  2 redbacks (Lair:3)
  3 wraiths
  A shadow (D:12)
  3 wyverns
  A vampire (D:13)
  5 basilisks
  38 yaks
  3 hungry ghosts
  2 vampire mosquitoes (D:13)
  2 mottled dragons
  A spatial vortex (D:7)
  The ghost of execc the Bolt Thrower, an amateur KoHu (D:3)
  16 water moccasins
  9 porcupines
  A hornet zombie (D:12)
  A slave (D:6)
  4 ice beasts
  2 sky beasts
  6 black bears
  11 orc warriors
  2 eyes of draining (D:13)
  2 phantoms
  9 ogres
  11 centaurs
  9 wolves (Lair:6)
  17 crocodiles
  13 bullfrogs
  17 big kobolds
  An earth elemental (D:11)
  2 scorpions (D:9)
  A wyvern skeleton (D:13)
  10 killer bees
  8 wights
  4 electric eels (Lair:3)
  2 bullfrog zombies
  5 crimson imps
  A jelly (D:6)
  A quasit (D:9)
  3 centaur zombies
  10 hounds
  4 centaur skeletons
  7 orc priests
  Crazy Yiuf (D:5)
  15 orc wizards
  5 iguanas
  13 worker ants
  A killer bee zombie (D:6)
  2 hound zombies (D:5)
  A hound skeleton (D:5)
  A worker ant zombie (D:5)
  A howler monkey zombie (D:9)
  Robin (D:2)
  10 adders
  3 gnolls (D:5)
  4 shadow imps
  An ooze (D:7)
  3 adder zombies
  2 adder skeletons (D:9)
  2 worms (D:2)
  A dart slug (D:3)
  2 leopard geckos
  64 orcs
  3 bats
  6 giant cockroaches
  16 goblins
  9 hobgoblins
  11 jackals
  20 kobolds
  4 quokkas
  A ball python (D:1)
  9 frilled lizards
  A jackal skeleton (D:8)
  5 rats
  2 plants (Lair:6)
576 creatures vanquished.

Vanquished Creatures (collateral kills)
  3 spiny frogs (Lair:6)
  A komodo dragon (Lair:6)
  A hippogriff (Lair:6)
  3 water moccasins (Lair:6)
  2 wolves (Lair:6)
  A crocodile (Lair:6)
11 creatures vanquished.

Vanquished Creatures (others)
  A komodo dragon (Lair:6)
  A scorpion (D:5)
  A leopard gecko (D:5)
  An orc (D:5)
  A giant cockroach (D:5)
  3 fungi
  7 plants
15 creatures vanquished.

Grand Total: 602 creatures vanquished

Notes
Turn   | Place    | Note
-------+----------+-------------------------------------------
     0 | D:1      | Inarius the Minotaur Fighter began the quest for the Orb.
     0 | D:1      | Reached XP level 1. HP: 19/19 MP: 0/0
   374 | D:1      | Reached skill level 4 in Shields
   374 | D:1      | Reached XP level 2. HP: 26/26 MP: 1/1
  1045 | D:2      | Reached XP level 3. HP: 33/33 MP: 2/2
  1257 | D:2      | Found a glowing golden altar of the Shining One.
  1264 | D:2      | Became a worshipper of the Shining One
  1270 | D:2      | Noticed Robin
  1298 | D:2      | Killed Robin
  1571 | D:2      | Found a faded altar of an unknown god.
  1855 | D:2      | Reached XP level 4. HP: 40/40 MP: 3/3
  2106 | D:3      | Noticed execc's ghost (amateur KoHu)
  2127 | D:3      | Killed execc's ghost
  2127 | D:3      | Reached skill level 5 in Armour
  2127 | D:3      | Reached skill level 5 in Shields
  2127 | D:3      | Reached XP level 5. HP: 35/46 MP: 4/4
  2191 | D:3      | Found a shadowy altar of Dithmenos.
  2637 | D:4      | Reached XP level 6. HP: 43/52 MP: 5/5
  2689 | D:4      | Reached * piety under the Shining One
  2873 | D:4      | Reached skill level 1 in Dodging
  3083 | D:4      | Found a stormy altar of Qazlal.
  3149 | D:4      | Reached skill level 5 in Long Blades
  3218 | D:5      | Entered Level 5 of the Dungeon
  3251 | D:5      | Reached skill level 6 in Shields
  3251 | D:5      | Reached XP level 7. HP: 58/59 MP: 6/6
  3486 | D:5      | Found an ancient bone altar of Kikubaaqudgha.
  3674 | D:5      | Reached XP level 8. HP: 66/67 MP: 7/7
  3714 | D:5      | Learned a level 2 spell: Blink
  3722 | D:5      | Reached ** piety under the Shining One
  3753 | D:5      | Reached skill level 7 in Shields
  3795 | D:5      | Found a runed door.
  3799 | D:5      | Noticed Crazy Yiuf
  3807 | D:5      | Killed Crazy Yiuf
  3870 | D:5      | Found a shimmering altar of Xom.
  3997 | D:5      | Found Foemn's Fabulous Fripperies.
  4055 | D:5      | Found a staircase to the Ecumenical Temple.
  4382 | D:6      | Reached skill level 5 in Fighting
  4638 | D:6      | Reached skill level 8 in Shields
  4679 | D:6      | Noticed Pikel
  4709 | D:6      | Killed Pikel
  4709 | D:6      | Reached XP level 9. HP: 62/74 MP: 8/8
  4766 | D:6      | Reached *** piety under the Shining One
  4903 | D:6      | Found a faded altar of an unknown god.
  4903 | D:6      | Found a faded altar of an unknown god.
  4922 | D:6      | Reached skill level 1 in Translocations
  4929 | D:6      | Found a faded altar of an unknown god.
  4931 | D:6      | Found a faded altar of an unknown god.
  4932 | D:6      | Found a sparkling altar of Nemelex Xobeh.
  5048 | D:7      | Reached skill level 1 in Spellcasting
  5285 | D:7      | Gained mutation: Your muscles are strong. (Str +2) [potion of beneficial mutation]
  5408 | D:7      | Reached skill level 9 in Shields
  5425 | D:7      | Found an opulent altar of Gozag.
  5797 | D:8      | Reached skill level 1 in Stealth
  5830 | D:7      | Reached skill level 5 in Short Blades
  6257 | D:8      | Reached XP level 10. HP: 78/83 MP: 12/12
  6319 | D:8      | Noticed Joseph
  6337 | D:8      | Killed Joseph
  6371 | D:8      | Found a staircase to the Lair.
  6387 | D:8      | Noticed Psyche
  6395 | D:8      | Killed Psyche
  6446 | D:8      | Noticed Erica
  6466 | D:8      | Killed Erica
  6772 | D:8      | Reached skill level 10 in Shields
  6947 | D:9      | Noticed miragecloak's ghost (novice OpTm)
  7005 | D:9      | Killed miragecloak's ghost
  7012 | D:9      | Found Xown's General Store.
  7017 | D:9      | Bought a scroll of identify for 24 gold pieces
  7253 | D:9      | Reached **** piety under the Shining One
  7285 | D:9      | Noticed a sun demon
  7340 | D:9      | Noticed a smoke demon
  7635 | D:9      | Reached XP level 11. HP: 85/91 MP: 15/15
  8301 | D:9      | Found a staircase to the Orcish Mines.
  8631 | D:10     | Entered Level 10 of the Dungeon
  8712 | D:10     | Reached skill level 11 in Shields
  8843 | D:10     | Got an ichor-stained trident {holy}
  8844 | D:10     | Identified the +8 trident of the Thirsty Seas {holy, +Fly} (You took it off an orc on level 10 of the Dungeon)
  9011 | D:10     | Got an ivory dagger
  9012 | D:10     | Identified the +8 dagger "Deacin" {elec, +Blink Int+3 Stlth+} (You found it on level 10 of the Dungeon)
  9096 | D:10     | Noticed Gastronok
  9121 | D:10     | Killed Gastronok
  9337 | D:11     | Found Acug's Pet Rocks.
 10075 | D:12     | Found a sacrificial altar of Ru.
 10140 | D:12     | Noticed a white ugly thing
 10161 | D:12     | Killed a white ugly thing
 10217 | D:12     | Reached ***** piety under the Shining One
 10243 | D:12     | Noticed Nergalle
 10255 | D:12     | Killed Nergalle
 10255 | D:12     | Reached XP level 12. HP: 100/100 MP: 18/18
 10354 | D:12     | Noticed a five-headed hydra
 10364 | D:12     | Killed a five-headed hydra
 10364 | D:12     | Reached skill level 5 in Polearms
 10565 | D:12     | Reached skill level 5 in Translocations
 10722 | D:12     | Reached skill level 5 in Spellcasting
 10995 | D:13     | Noticed a yaktaur captain
 10995 | D:13     | Noticed a fire dragon
 11017 | D:13     | Killed a fire dragon
 11024 | D:13     | Killed a yaktaur captain
 11822 | D:13     | Reached skill level 10 in Armour
 12296 | D:13     | Reached skill level 12 in Shields
 12608 | D:13     | Reached XP level 13. HP: 108/108 MP: 20/20
 13016 | Lair:1   | Entered Level 1 of the Lair of Beasts
 14038 | Lair:1   | Found a deep blue altar of Sif Muna.
 14696 | Lair:2   | Noticed Sonja
 14717 | Lair:2   | Killed Sonja
 15378 | Lair:3   | Found a bloodstained altar of Trog.
 15489 | Lair:3   | Found a hole to the Spider Nest.
 15888 | Lair:3   | Reached skill level 10 in Polearms
 16099 | Lair:3   | Noticed Harold
 16115 | Lair:3   | Killed Harold
 17548 | Lair:4   | Found a staircase to the Swamp.
 17976 | Lair:4   | Reached skill level 5 in Invocations
 17976 | Lair:4   | Reached XP level 14. HP: 118/118 MP: 22/22
 18109 | Lair:4   | Found a shattered altar of Ashenzari.
 18569 | Lair:5   | Gained mutation: You evolve. [potion of beneficial mutation]
 18570 | Lair:5   | Gained mutation: Your flesh is cold resistant. (rC+) [potion of beneficial mutation]
 19620 | Lair:6   | Entered Level 6 of the Lair of Beasts
 19626 | Lair:6   | Reached XP level 15. HP: 117/125 MP: 12/23
 20592 | Lair:6   | Reached skill level 13 in Shields
 21143 | Lair:6   | Reached skill level 5 in Dodging
 21164 | Lair:6   | Found a burning altar of Makhleb.
 21237 | Lair:6   | Found a gateway to Hell.
 21331 | Lair:6   | Got a crude battleaxe
 21339 | Lair:6   | Identified the +5 battleaxe of Ambiguity {chop, +Fly rPois rF+ Dex-3} (You found it on level 6 of the Lair of Beasts)
 22305 | Lair:6   | Gained mutation: Your flesh is very cold resistant. (rC++) [evolution]
 22459 | Lair:6   | Found a staircase to the Slime Pits.
 22801 | Lair:6   | HP: 6/126 [oklob plant/splash of acid (6)]
 22801 | Lair:6   | Splashed by an oklob plant's acid

Skill      XL: |  1  2  3  4  5  6  7  8  9 10 11 12 13 14 15 |
---------------+----------------------------------------------+-----
Shields        | 4 5 6 8 9 10 11 12 13 | 13.2
Armour         | 4 5 6 7 8 9 10 11 | 11.0
Long Blades    | 3 4 5 6 8 |  8.2
Dodging        | 1 2 3 4 5 |  5.0
Fighting       | 4 5 6 7 8 9 |  9.9
Short Blades   | 3 5 7 8 |  8.5
Translocations | 2 3 4 5 6 7 |  7.2
Spellcasting   | 2 3 4 5 6 |  6.9
Stealth        | 1 |  1.7
Polearms       | 4 8 11 12 | 12.1
Invocations    | 5 6 |  6.9
Evocations     | |  0.3

Action                   |  1- 3 |  4- 6 |  7- 9 | 10-12 | 13-15 || total
-------------------------+-------+-------+-------+-------+-------++-------
Melee: Long sword        |    99 |   113 |   150 |       |       ||   362
       Headbutt          |    11 |    32 |    83 |   229 |   145 ||   500
       Short sword       |       |       |   285 |   454 |       ||   739
       Trident           |       |       |       |   376 |   674 ||  1050
       Dagger            |       |       |       |    54 |       ||    54
 Cast: Blink             |       |       |       |     5 |     2 ||     7
Invok: Divine Shield     |       |       |       |       |     1 ||     1
       Summon Divine War |       |       |       |       |     1 ||     1
       Cleansing Flame   |       |       |       |       |     5 ||     5
 Abil: Stop Flying       |       |       |       |       |     1 ||     1
       Evoke Flight      |       |       |       |       |     1 ||     1
Evoke: Wand              |       |       |       |       |    30 ||    30
  Use: Potion            |       |     1 |     2 |       |     6 ||     9
       Scroll            |       |       |     9 |    12 |     7 ||    28
  Eat: Chunk             |     3 |     4 |     9 |    13 |    37 ||    66
       Bread ration      |       |       |     1 |     1 |     1 ||     3
       Beef jerky        |       |       |       |     1 |     2 ||     3
       Meat ration       |       |       |       |     1 |       ||     1
       Pizza             |       |       |       |     1 |     1 ||     2
Armor: Scale mail        |     8 |       |       |       |       ||     8
       Ring mail         |     4 |       |       |       |       ||     4
       Chain mail        |    49 |    58 |   256 |   144 |       ||   507
       Plate armour      |       |       |       |   144 |       ||   144
       Fire dragon scale |       |       |       |    83 |   258 ||   341
Dodge: Dodged            |    22 |    20 |   121 |   267 |   226 ||   656
Block: Shield            |    68 |    48 |   286 |   517 |   405 ||  1324
       Rpst.: Long sword |     4 |     2 |     9 |       |       ||    15
